← All builds
Air / Cortex / Economy first / OBSERVED BUILD

Standard air

Cortex Air build order · Supreme Isthmus

Economy-first air build: Aircraft Plant then Advanced Metal Extractor and Fusion Reactor, making transports and scouts for allies while transitioning into fighters and occasional bombers over the whole game.

Usually transports first (78%)

#eco #air #team support · 1506 distinct matches · 252 players · 81% of Cortex Air games · team won 46% of 1811 · Recently observed

HOW TO PLAY IT

Key timing: Aircraft Plant by 1:24

  1. Open 3 mex and wind, then drop Aircraft Plant early.
  2. Finish Aircraft Plant and start fighters for scouting and defense.
  3. Eat the Aircraft Plant once production needs outgrow it.
  4. Get Advanced Metal Extractor up to scale eco.
  5. Bring Fusion Reactor online and keep feeding transports, scouts, fighters to allies.

Phase by phase

TYPICAL OF ITS 1506 GAMES
  1. 1
  2. 2
  3. 3
PLAY THE OPENING

Follow the example game's first 6:00 step by step: what to build now, what comes next, and where it goes. At 1× it keeps pace with your own game.

  1. 1

    Up to the Aircraft Plant

    Economy
    • Metal Extractor3Mex
    • Wind Turbine4Wind
    Order
    1. Aircraft PlantAircraft Plant after 3 mex, 4 winddone ~1:26, middle half 1:14–1:35

    Some games also: energy storage (38%)

    By 1:07 in all: 3 mex · 4 wind

    The example game in this phase · 5 steps
    1. Mex ×3
    2. Wind ×4
    3. Energy storage
    4. Solar ×2
    5. Aircraft PlantAircraft Plantdone 1:52 · typical 1:26
  2. 2

    Aircraft Plant to 5:00

    Economy
    • Metal Extractor1Mex
    • Wind Turbine9Wind
    • Wind Turbine3Wind
    Builders
    • Construction Turret2 Con turret
    • Construction Aircraft1 Con aircraft
    Army
    • Valiant5 Valiant
    • Hercules2 Light transport for allies
    • Finch2 Finch for allies
    • Finch1 Finch
    • Hephaestus1 Heavy transport for allies

    Some games also: shuriken (49%) · energy storage (45%) · converter (44%) · light transport (40%)

    By 5:00 in all: 3 mex · 1 mex · 13 wind · 3 wind · 1 energy storage · 2 con turret

    The example game in this phase · 32 steps
    1. Wind
    2. FinchFinchfor Geo sea
    3. HerculesLight transportfor Geo sea
    4. ShurikenShurikenfor Geo sea
    5. Wind
    6. FinchFinchfor Beach sea
    7. HephaestusHeavy transportfor Beach sea
    8. Wind ×2
    9. ValiantValiant
    10. Wind
    11. ValiantValiant
    12. Construction AircraftCon aircraft
    13. Wind
    14. ValiantValiant
    15. Wind
    16. Mex
    17. ValiantValiant
    18. Wind
    19. ValiantValiant
    20. Wind
    21. Con turret
    22. Wind
    23. ValiantValiant
    24. HerculesLight transport
    25. HephaestusHeavy transport
    26. Wind
    27. HerculesLight transportfor Tech
    28. Wind
    29. HerculesLight transportfor Geo
    30. Wind
    31. HephaestusHeavy transportfor Tech
    32. Wind
  3. 3

    5:00 to 10:00

    Economy
    • Wind Turbine21Wind
    • Wind Turbine5Wind
    • Energy Converter6Converter
    Order
    1. Aircraft PlantEat Aircraft Plant
    2. Aircraft PlantAircraft Plant after 19 wind, 18 wind, 7 converterin 58% of games
    Builders
    • Construction Turret3 Con turret
    Army
    • Valiant9 Valiant

    Some games also: shuriken (47%) · fusion (38%) · con aircraft (35%) · light transport (31%)

    By 10:00 in all: 3 mex · 1 mex · 25 wind · 20 wind · 8 converter · 1 energy storage

    The example game in this phase · 195 steps
    1. ValiantValiant
    2. Con turret
    3. HerculesLight transport
    4. Wind
    5. Con turret
    6. Converter
    7. Wind
    8. ValiantValiant
    9. Converter
    10. HerculesLight transport
    11. Converter
    12. Con turret
    13. Wind
    14. Converter ×2
    15. Wind
    16. ShurikenShuriken
    17. Converter
    18. Wind
    19. ShurikenShuriken
    20. Converter
    21. ShurikenShuriken
    22. Wind
    23. ShurikenShuriken
    24. Wind
    25. Converter
    26. Advanced Metal ExtractorT2 mexdone 7:11 · typical 6:54
    27. ShurikenShuriken
    28. Aircraft PlantEat Aircraft Plantreclaimed for its metal
    29. Advanced Metal ExtractorT2 mex ×3
    30. Fusion ReactorFusiondone 9:18 · typical 10:53
    31. Aircraft PlantAircraft Plantdone 9:30
    32. ValiantValiant
    33. Con turret ×2
    34. Converter
    35. Con turret
    36. ValiantValiant
    37. Con turret
    38. FinchFinch ×3
    39. Converter
    40. Con turret
    41. FinchFinch
    42. Con turret
    43. FinchFinch
    44. Con turret
    45. ValiantValiant
    46. Con turret
    47. Converter
    48. Con turret
    49. ValiantValiant
    50. Con turret
    51. ValiantValiant
    52. Converter
    53. ValiantValiant ×6
    54. Wind
    55. ValiantValiant
    56. Converter
    57. ValiantValiant
    58. Wind
    59. ValiantValiant ×3
    60. Wind
    61. ValiantValiant ×2
    62. Converter
    63. ValiantValiant
    64. Wind
    65. ValiantValiant ×2
    66. Wind
    67. ValiantValiant ×2
    68. Wind
    69. ValiantValiant ×2
    70. Converter
    71. ValiantValiant
    72. Wind
    73. ValiantValiant ×2
    74. ShurikenShuriken
    75. Wind
    76. ShurikenShuriken ×3
    77. Converter
    78. Wind
    79. ShurikenShuriken ×3
    80. Wind
    81. ShurikenShuriken ×2
    82. Wind
    83. ShurikenShuriken ×2
    84. Converter
    85. ShurikenShuriken ×7
    86. ValiantValiant ×2
    87. Converter
    88. ValiantValiant
    89. Wind
    90. ValiantValiant ×2
    91. Wind
    92. ValiantValiant ×2
    93. Wind
    94. ValiantValiant
    95. Converter
    96. Wind
    97. ValiantValiant
    98. Wind
    99. ValiantValiant
    100. ShurikenShuriken
    101. Wind
    102. ShurikenShuriken
    103. Converter
    104. ShurikenShuriken ×2
    105. Wind
    106. ShurikenShuriken ×2
    107. Wind
    108. ShurikenShuriken
    109. ValiantValiant
    110. Converter
    111. ValiantValiant
    112. Wind
    113. ValiantValiant
    114. Converter
    115. ValiantValiant ×2
    116. Wind
    117. ValiantValiant ×2
    118. Converter
    119. ValiantValiant ×3
    120. ShurikenShuriken ×2
    121. Converter
    122. ShurikenShuriken ×2
    123. Wind
    124. ShurikenShuriken ×2
    125. Converter
    126. ShurikenShuriken
    127. Wind
    128. ShurikenShuriken ×3
    129. Converter
    130. ShurikenShuriken
    131. ValiantValiant
    132. Wind
    133. ValiantValiant ×2
    134. Converter
    135. ValiantValiant
    136. Wind
    137. ValiantValiant ×2
    138. Converter
    139. ValiantValiant
    140. Wind
    141. ValiantValiant ×2
    142. Wind
    143. Converter
    144. ValiantValiant
    145. Wind
    146. ValiantValiant
    147. Wind
    148. ValiantValiant
    149. Wind
    150. ValiantValiant ×2
    151. Wind
    152. Converter
    153. ValiantValiant ×2
    154. Converter
    155. ValiantValiant
    156. Wind
    157. ValiantValiant ×2
    158. Converter
    159. ValiantValiant
    160. Wind
    161. ValiantValiant ×3
    162. Wind
    163. Converter
    164. ShurikenShuriken ×6
    165. Converter
    166. Wind
    167. ShurikenShuriken ×4
    168. Converter
    169. ShurikenShuriken ×3
    170. Wind
    171. ShurikenShuriken ×6
    172. Converter
    173. Wind
    174. ShurikenShuriken ×4
    175. Converter
    176. Wind
    177. ShurikenShuriken
    178. ValiantValiant ×2
    179. Wind
    180. ValiantValiant ×2
    181. Wind
    182. ValiantValiant
    183. Converter
    184. ValiantValiant
    185. Wind
    186. ValiantValiant ×2
    187. Converter
    188. Wind
    189. ValiantValiant ×2
    190. Wind
    191. ValiantValiant
    192. Converter
    193. ValiantValiant
    194. Wind
    195. ValiantValiant

Counts are medians over the build's games: half of them build more, half fewer. The example game is Lexosis's (37 OS, 13/10/2026); pick another.

Team trades

IN AT LEAST 30% OF ITS GAMES

You hand over

  • Finch2 Finch to Geo sea or Beach seafirst at 1:50 · in 96% of games
  • Hercules3 Light transport to Tech or Geo sea or Beach seafirst at 2:06 · in 99% of games
  • Hephaestus1 Heavy transport to Beach sea or Pond or Techfirst at 2:23 · in 72% of games

You get

  • Wind Turbine3 Wind from Beach sea or Geo seafirst at 1:37 · in 64% of games
  • Wind Turbine3 Wind from Beach sea or Geo sea or Pondfirst at 1:42 · in 46% of games
  • Construction Bot1 Con bot from Techfirst at 2:23 · in 88% of games
  • Advanced Construction Bot1 T2 con bot from Techfirst at 6:05 · in 96% of games

How it plays out

Typical game of this build, running totals by minute

Metal produced

010k20k30k
0:005:0010:0015:00

metal

Enemy metal destroyed

01k2k
0:005:0010:0015:00

metal

Own metal lost

01k2k3k
0:005:0010:0015:00

metal

1811 games.

Show as table
ByMetal produced: This buildEnemy metal destroyed: This buildOwn metal lost: This build
1:0039200
2:0092300
3:00145600
4:002052051
5:0027635173
6:003707102124
7:005089146167
8:006902190219
9:009284230270
10:0011758292380
11:0014356369536
12:0017069512781
13:00198597811102
14:002270412641689
15:002573618132420
WHAT THE NUMBERS SAY

Standard air play wins less than half its games, with very low combat losses and kills since the role mostly supports rather than fights.

  • + Own metal lost stays very low, only 2701 by 15:00.
  • + Metal production reaches 25740 by 15:00, a strong support economy.
  • − Team wins under half of games (47%).
  • − Enemy metal destroyed stays low at 2097 by 15:00, showing little direct impact.
THE EXAMPLE YOU ARE READING

Lexosis

37.2 OS · 13/10/2026

Open source match ↗

5 received units · includes a constructor
397 metal received · 64311 energy received

Allied construction assistance is unknown. Timings are observations, not a promise of solo reproducibility.

Typical milestones

Aircraft Plant1:26Middle 50%: 1:14–1:35 · n=1811
Advanced Metal Extractor6:54Middle 50%: 6:27–7:26 · n=1751
Fusion Reactor10:53Middle 50%: 9:45–12:17 · n=1159

Played most by

TheGeneraI114games of this buildDad_The_Speedrunner72games of this buildHunfore62games of this buildDRM52games of this buildMilkdragon52games of this build